 Dungeon Crawl Stone Soup version 0.27-a0-3-gcf006a40f5 (webtiles) character file.

Game seed: 12665369472442252369

20734 smips the Carver (level 12, -3/97 HPs)
             Began as a Barachi Fighter on Jan 1, 2021.
             Was an Elder of Qazlal.
             Killed by nerve-wracking pain
             ... invoked by an Executioner
              (5 damage)
             ... on level 1 of the Abyss.
             The game lasted 00:52:21 (17719 turns).

smips the Carver (Barachi Fighter)                 Turns: 17719, Time: 00:52:21

Health: -3/97      AC: 21    Str: 18    XL:     12   Next: 82%
Magic:  14/16      EV:  5    Int: 12    God:    Qazlal [****..]
Gold:   604        SH: 14    Dex: 15    Spells: 11/11 levels left

rFire    + . .     SeeInvis .   B - +2 scimitar (flame)
rCold    . . .     Faith    +   c - +0 kite shield
rNeg     . . .     Spirit   .   M - +0 plate armour
rPois    .         Reflect  .   o - +1 helmet
rElec    +         Harm     .   (no cloak)
rCorr    .         Rampage  .   (no gloves)
Will     .....                  (no boots)
Stlth    ..........             n - amulet of faith
HPRegen  0.26/turn              r - +4 ring of protection
MPRegen  0.15/turn              g - ring "Duonigg" {+Blink rElec rF+ Int+2 Stlth-}

@: hasted, repel missiles, quick
A: +LOS, swims, slowness 1, strong legs 1
a: Hop, Renounce Religion, Evoke Blink, Upheaval, Elemental Force


You were on level 1 of the Abyss.
You worshipped Qazlal.
Qazlal was greatly pleased with you.
You visited 3 branches of the dungeon, and saw 14 of its levels.
You visited the Abyss 1 time.

You collected 604 gold pieces.

Inventory:

Hand Weapons
 a - a +0 long sword
 B - a +2 scimitar of flaming (weapon)
Missiles
 D - 7 javelins
Armour
 b - a +0 scale mail
 c - a +0 kite shield (worn)
 o - a +1 helmet (worn)
 C - +1 steam dragon scales
 E - a +0 scale mail of fire resistance
 M - a +0 plate armour (worn)
Jewellery
 g - the ring "Duonigg" (right hand) {+Blink rElec rF+ Int+2 Stlth-}
   (You acquired it on level 8 of the Dungeon)

   [ring of protection from fire]

   It affects your intelligence (+2).
   It protects you from fire.
   It insulates you from electricity.
   It lets you blink.
   It makes you less stealthy.
 i - an uncursed ring of positive energy {unknown}
 n - an amulet of faith (around neck)
 r - a +4 ring of protection (left hand)
 x - an uncursed ring of see invisible
 F - an uncursed amulet of magic regeneration
 O - an uncursed amulet of guardian spirit {unknown}
Wands
 y - a wand of paralysis (5)
 G - a wand of enslavement (7)
 I - a wand of flame (41)
 P - a wand of disintegration (9)
 Q - a wand of polymorph (4)
Scrolls
 e - 3 scrolls of enchant armour
 f - a scroll of enchant weapon
 h - 5 scrolls of fear
 l - 2 scrolls of teleportation
 q - 4 scrolls of remove curse
 s - 2 scrolls of amnesia
 t - 3 scrolls of identify
 v - a scroll of blinking
 w - 2 scrolls of noise
 R - a scroll of random uselessness {unknown}
Potions
 d - 3 potions of might
 j - 2 potions of ambrosia
 k - a potion of mutation
 m - 2 potions of curing
 p - 7 potions of lignification
 u - 2 potions of brilliance
 z - a potion of haste
 A - a potion of flight
 H - a potion of invisibility
 J - a potion of resistance
 K - a potion of magic
 L - a potion of attraction {unknown}
 N - 2 potions of heal wounds {unknown}


   Skills:
 - Level 10.1 Fighting
 - Level 1.0(8.9) Short Blades
 - Level 14.4 Long Blades
 - Level 0.2 Crossbows
 - Level 4.1 Throwing
 - Level 10.1 Armour
 - Level 2.8 Dodging
 - Level 3.2 Shields
 - Level 1.2 Summonings
 - Level 0.2 Ice Magic
 - Level 0.7 Air Magic
 + Level 6.3 Invocations
 + Level 10.0 Evocations


You had 11 spell levels left.
You didn't know any spells.
Your spell library contained the following spells:

 Spells                   Type           Power        Failure   Level
 Corona                   Hex            0%           100%        1
 Magic Dart               Conj           0%           100%        1
 Ensorcelled Hibernation  Hex/Ice        0%           100%        2
 Searing Ray              Conj           0%           100%        2
 Confusing Touch          Hex            0%           100%        3
 Dazzling Flash           Conj/Hex       0%           100%        3
 Tukima's Dance           Hex            0%           100%        3
 Fulminant Prism          Conj/Hex       0%           100%        4
 Iskenderun's Mystic Bla  Conj/Tloc      0%           100%        4


Dungeon Overview and Level Annotations

Branches:
Dungeon (11/15)            Temple (1/1) D:7            Lair (2/6) D:10
    Orc (0/2) D:9
  Swamp: Lair:2-4    Shoals: Lair:2-4     Snake: Lair:2-4    Spider: Lair:2-4

Altars:
Ashenzari
Cheibriados
Dithmenos
Elyvilon
Fedhas
Gozag
Hepliaklqana
Kikubaaqudgha
Makhleb
Nemelex Xobeh
Okawaru
Qazlal
Ru
Sif Muna
Trog
Uskayaw
Vehumet
Wu Jian
Xom
Yredelemnul
Zin
The Shining One

Annotations:
D:3 Natasha
Lair:2 Sonja


Innate Abilities, Weirdness & Mutations

You can be seen from farther away. (+LOS)
You can swim through water.
You cover ground slowly.
You can hop short distances.


Message History

The Executioner hits you but does no damage.
The Executioner hits you!
* * * LOW HITPOINT WARNING * * *
The Executioner hits you but does no damage.
The Executioner hits you.
* * * LOW HITPOINT WARNING * * *
You block the Executioner's attack.
The Executioner hits you but does no damage.
The Executioner hits you.
* * * LOW HITPOINT WARNING * * *
The reaper hits you but does no damage.
You feel yourself speed up. You block the Executioner's attack.
The Executioner hits you but does no damage. x2
The Executioner hits you!
* * * LOW HITPOINT WARNING * * *
You block the Executioner's attack.
The Executioner hits you but does no damage.
The Executioner gestures at you. Pain shoots through your body!
You die...

#..#..## ###
#.##...###.#
#.$#.....(..
##..........
#####..# / 2......
#..#.#.#..........
##..2#.##.......#..
#.#1s°#.# #.....#..
#@#.#..# #........
#.#..#..#.......
.#.#....#$. #... .
.#........#....#..
#.###...##..####
..# . #... ..# ..
#.####.. .. #. ..
.#


You could see a reaper, an Executioner (fast) and a demonic crawler.

Vanquished Creatures
  Josephine (D:10)
  Erica (D:8)
  3 two-headed ogres
  6 death yaks
  Pikel (D:6)
  An oklob plant (D:10)
  3 elephants (Lair:1)
  A gargoyle (D:10)
  2 cane toads (Lair:2)
  Maggie (D:6)
  A rime drake (Lair:2)
  2 komodo dragons
  A queen bee (D:9)
  4 blink frogs (Lair:1)
  12 yaks
  2 shadows (D:9)
  3 wraiths (D:10)
  A steam dragon (D:10)
  Grum (D:8)
  Edmund (D:4)
  A soldier ant (D:9)
  2 water moccasins (Lair:1)
  2 ice beasts (D:5)
  3 black bears
  3 orc warriors
  A sky beast (D:6)
  4 ogres
  4 wolves
  7 centaurs
  2 big kobolds
  10 bullfrogs
  2 scorpions
  3 troll zombies (D:9)
  16 killer bees
  9 wights
  A howler monkey (D:4)
  A quasit (D:10)
  A bullfrog zombie (D:10)
  A centaur zombie (D:9)
  5 hounds
  A bullfrog skeleton (D:9)
  5 orc priests
  4 jellies
  Ijyb (D:4)
  Terence (D:3)
  6 iguanas
  6 orc wizards
  Natasha (D:3)
  6 worker ants
  A killer bee zombie (D:8)
  5 ogre zombies (D:9)
  A hound zombie (D:8)
  A mummy (D:8)
  2 worker ant zombies
  Robin (D:3)
  A howler monkey skeleton (D:5)
  17 adders
  2 shadow imps
  2 white imps
  2 ufetubi
  2 adder skeletons
  3 worms (D:2)
  A dart slug (D:1)
  5 leopard geckos
  30 orcs
  3 ball pythons
  6 giant cockroaches
  19 goblins
  8 hobgoblins
  24 jackals
  4 quokkas
  11 bats
  5 frilled lizards
  4 goblin zombies (D:9)
  A hobgoblin skeleton (D:9)
  2 hobgoblin zombies
  A jackal skeleton (D:8)
  21 kobolds
  A kobold zombie (D:8)
  7 orc skeletons (D:9)
  14 orc zombies
  4 quokka skeletons
  11 rats
379 creatures vanquished.

Vanquished Creatures (others)
  A water moccasin skeleton (D:6)
  8 fungi
  70 plants
79 creatures vanquished.

Grand Total: 458 creatures vanquished

Notes
Turn   | Place    | Note
-------+----------+-------------------------------------------
     0 | D:1      | smips the Barachi Fighter began the quest for the Orb.
     0 | D:1      | Reached XP level 1. HP: 18/18 MP: 1/1
   406 | D:1      | Reached skill level 1 in Summonings
   406 | D:1      | Reached XP level 2. HP: 23/24 MP: 2/2
   561 | D:1      | Reached skill level 1 in Short Blades
   866 | D:1      | Reached skill level 3 in Long Blades
   881 | D:1      | Reached XP level 3. HP: 27/29 MP: 3/3
  1705 | D:2      | Reached skill level 4 in Long Blades
  1796 | D:2      | Reached XP level 4. HP: 25/36 MP: 4/4
  2022 | D:2      | Reached skill level 5 in Long Blades
  2355 | D:2      | Reached XP level 5. HP: 33/41 MP: 5/5
  2598 | D:2      | Reached skill level 6 in Long Blades
  3027 | D:3      | Noticed Robin
  3058 | D:3      | Killed Robin
  3134 | D:3      | Reached XP level 6. HP: 42/47 MP: 6/6
  3221 | D:3      | Noticed Natasha
  3235 | D:3      | Killed Natasha
  3236 | D:3      | Reached skill level 7 in Long Blades
  3389 | D:3      | Noticed Terence
  3410 | D:3      | Killed Terence
  3534 | D:3      | Noticed Natasha
  3574 | D:4      | Noticed Ijyb
  3608 | D:4      | Killed Ijyb
  3635 | D:4      | Reached skill level 8 in Long Blades
  3643 | D:4      | Noticed Edmund
  3699 | D:4      | Killed Edmund
  3700 | D:4      | Reached XP level 7. HP: 30/52 MP: 7/7
  3991 | D:5      | Entered Level 5 of the Dungeon
  4038 | D:5      | Reached skill level 9 in Long Blades
  4631 | D:5      | Reached skill level 10 in Long Blades
  4638 | D:5      | Reached XP level 8. HP: 39/59 MP: 8/8
  5058 | D:5      | Reached skill level 11 in Long Blades
  5562 | D:4      | Found a hide-covered altar of Uskayaw.
  5957 | D:6      | Noticed Maggie
  5989 | D:6      | Killed Maggie
  5990 | D:6      | Reached skill level 12 in Long Blades
  6188 | D:6      | Found a radiant altar of Vehumet.
  6478 | D:6      | Reached XP level 9. HP: 64/64 MP: 9/9
  6600 | D:6      | Reached skill level 13 in Long Blades
  6837 | D:6      | Found a blossoming altar of Fedhas.
  6974 | D:6      | Noticed Pikel
  6997 | D:6      | Killed Pikel
  6998 | D:6      | Reached skill level 14 in Long Blades
  7622 | D:7      | Reached skill level 1 in Dodging
  7928 | D:7      | Found a staircase to the Ecumenical Temple.
  7939 | Temple   | Entered the Ecumenical Temple
  8111 | Temple   | Became a worshipper of Qazlal Stormbringer
  8750 | D:8      | Reached skill level 5 in Armour
  8824 | D:8      | Reached skill level 5 in Fighting
  8824 | D:8      | Reached XP level 10. HP: 68/74 MP: 10/10
  9025 | D:8      | Reached * piety under Qazlal
  9261 | D:8      | Reached skill level 1 in Throwing
  9307 | D:8      | Noticed a two-headed ogre
  9808 | D:8      | Killed a two-headed ogre
 10178 | D:8      | Noticed Grum
 10197 | D:8      | Killed Grum
 10362 | D:8      | Noticed Erica
 10378 | D:8      | Killed Erica
 10477 | D:8      | Identified a scroll of acquirement
 10478 | D:8      | Acquired the ring "Duonigg" {+Blink rElec rF+ Int+2 Stlth-}
 10505 | D:9      | Noticed a two-headed ogre
 10532 | D:9      | Reached skill level 1 in Evocations
 10548 | D:8      | Reached ** piety under Qazlal
 10582 | D:9      | Killed a two-headed ogre
 10583 | D:9      | Reached XP level 11. HP: 50/86 MP: 11/11
 11160 | D:8      | Reached *** piety under Qazlal
 11695 | D:9      | Found a basalt altar of Yredelemnul.
 11712 | D:9      | Found an iron altar of Okawaru.
 11731 | D:9      | Found an opulent altar of Gozag.
 11767 | D:9      | Found a staircase to the Orcish Mines.
 11984 | D:10     | Entered Level 10 of the Dungeon
 11993 | D:10     | Noticed Josephine
 12014 | D:10     | Killed Josephine
 12403 | D:10     | Reached **** piety under Qazlal
 12746 | D:10     | Reached skill level 5 in Evocations
 12750 | D:10     | Noticed an oklob plant
 12907 | D:10     | Found a staircase to the Lair.
 13002 | D:10     | Identified the +10 hand axe of Anxiety {vorpal, rPois rC++
                  | Int+4 Stlth+}
 13343 | D:10     | Noticed a two-headed ogre
 13354 | D:10     | Killed a two-headed ogre
 14111 | D:9      | Reached skill level 10 in Armour
 14115 | D:9      | Reached skill level 10 in Fighting
 14651 | D:10     | Reached ***** piety under Qazlal
 14824 | D:10     | Killed an oklob plant
 14825 | D:10     | Reached skill level 1 in Invocations
 14887 | Lair:1   | Entered Level 1 of the Lair of Beasts
 14919 | Lair:1   | Reached XP level 12. HP: 66/97 MP: 13/13
 15332 | Lair:1   | Noticed a death yak
 15344 | Lair:1   | Noticed a death yak
 15347 | Lair:1   | Noticed a death yak
 15349 | Lair:1   | Noticed a death yak
 15349 | Lair:1   | Noticed a death yak
 15350 | Lair:1   | Noticed a death yak
 15377 | D:10     | Killed a death yak
 15834 | Lair:2   | Noticed Sonja
 16343 | Lair:1   | Killed a death yak
 16361 | Lair:1   | Killed a death yak
 16364 | Lair:1   | Killed a death yak
 16370 | Lair:1   | Killed a death yak
 16371 | Lair:1   | Reached skill level 5 in Invocations
 16385 | Lair:1   | Killed a death yak
 16759 | Lair:1   | You fall into a shaft and drop 1 floor!
 17515 | Lair:1   | Reached skill level 10 in Evocations
 17660 | Lair:2   | Cast into level 1 of the Abyss (Sonja)
 17706 | Abyss:1  | Noticed a reaper
 17711 | Abyss:1  | Noticed an Executioner
 17719 | Abyss:1  | HP: 2/97 [Executioner (14)]
 17719 | Abyss:1  | Killed from afar by an Executioner

Illustrated notes

Levels and vault maps discovered:
D:1:      minmay_arrival_hallway, layout_basic, minmay_misc_feat_iff,
          minmay_misc_feat_cross, hangedman_decor_points, minmay_tripent
D:2:      layout_basic
D:3:      layout_rooms, uniq_natasha, uniq_robin, uniq_terence
D:4:      layout_basic, lemuel_doored_altar, uniq_edmund, uniq_ijyb
D:5:      layout_basic, minmay_misc_feat_secret_circle
D:6:      layout_basic, kennysheep_little_box, fiery_altar_vehumet, uniq_maggie,
          uniq_pikel
D:7:      layout_gridville, minmay_temple_entry_wispy
D:8:      layout_rooms, minmay_mini_ossuary, uniq_erica, uniq_grum
D:9:      layout_cross, general_overflow_altar, grunt_temple_overflow_open,
          zombieorc2_lemuel
D:10:     layout_roguey, dpeg_oklobed_lair, serial_bayou_pond_c,
          nicolae_looking_at_the_future, uniq_josephine
D:11:     layout_cave_pods, hangedman_fish_farm, uniq_psyche
Temple:   regret_index_temple_sphere_string
Lair:1:   layout_gridlike, hangedman_lair_unloving_vines,
          grunt_forest_stairs_basic
Lair:2:   layout_regular_city, spider_nest_entry_funnel_web,
          gammafunk_ghost_ooze, minmay_lair_oklob_bushes, uniq_sonja
Abyss:1:  base:
D:7

Skill      XL: |  1  2  3  4  5  6  7  8  9 10 11 12 |
---------------+-------------------------------------+-----
Summonings     | 1 |  1.2
Short Blades   | 1 |  1.0
Long Blades    | 3 4 5 6 8 10 12 14 | 14.4
Dodging        | 2 |  2.8
Fighting       | 5 8 10 | 10.1
Armour         | 5 8 10 | 10.1
Throwing       | 4 |  4.1
Evocations     | 2 6 10 | 10.0
Invocations    | 1 6 |  6.3
Crossbows      | |  0.2
Shields        | |  3.2
Ice Magic      | |  0.2
Air Magic      | |  0.7

Action                   |  1- 3 |  4- 6 |  7- 9 | 10-12 || total
-------------------------+-------+-------+-------+-------++-------
Melee: Long sword        |   133 |   286 |   223 |       ||   642
       Scimitar          |       |       |   132 |   663 ||   795
Throw: Javelin           |       |     4 |       |    27 ||    31
Invok: Elemental Force   |       |       |       |     3 ||     3
       Upheaval          |       |       |       |     1 ||     1
 Abil: Hop               |     1 |     3 |     1 |     5 ||    10
       Evoke Blink       |       |       |       |    33 ||    33
  Use: Scroll            |       |     3 |     4 |    19 ||    26
       Potion            |       |       |       |     4 ||     4
Armor: Scale mail        |    44 |   130 |   149 |   116 ||   439
       Skin              |       |     3 |       |       ||     3
       Plate armour      |       |       |       |   160 ||   160
Dodge: Dodged            |    46 |    77 |    81 |   143 ||   347
Block: Kite shield       |    71 |   153 |   123 |   461 ||   808
       Rpst.: Long sword |    14 |    30 |    14 |       ||    58
       Scimitar          |       |       |     7 |    40 ||    47

Table legend: (Time is in decaauts)
 A = Elapsed time spent in this place.
 B = Non-inter-level travel time spent in this place.
 C = Inter-level travel time spent in this place.
 D = Time resting spent in this place.
 E = Time spent auto-exploring this place.
 F = Levels seen in this place.
 G = Mean time per level.
                   A        B        C        D        E       F      G
               +--------+--------+--------+--------+--------+-----+--------+
         Total |  18950 |  18657 |    293 |   9126 |   5379 |  15 | 1263.3 |
       Dungeon |  16366 |  16073 |    293 |   7590 |   4938 |  11 | 1487.8 |
        Temple |    237 |    237 |      0 |      0 |    162 |   1 |  237.0 |
          Lair |   2284 |   2284 |      0 |   1502 |    278 |   2 | 1142.0 |
         Abyss |     62 |     62 |      0 |     34 |      0 |   1 |   62.0 |
               +--------+--------+--------+--------+--------+-----+--------+

Top non-repeatable levels by time:
    D:10: 2699 daAuts
     D:8: 2121 daAuts
  Lair:1: 2111 daAuts
     D:7: 2061 daAuts
     D:1: 1755 daAuts
     D:5: 1688 daAuts
     D:9: 1633 daAuts
     D:6: 1607 daAuts
     D:2: 1413 daAuts
     D:3: 756 daAuts
     D:4: 614 daAuts
  Temple: 237 daAuts
  Lair:2: 173 daAuts
 Abyss:1: 62 daAuts
    D:11: 16 daAuts
